Map: Catalyst LE

Players

Solar

  • Race: Zerg Zerg
  • Spawn Location: 5:00

Lambo - Winner!

  • Race: Zerg Zerg
  • League: Grandmaster
  • Spawn Location: 11:00

Event: HomeStory Cup XVI

VOD

Have the link to the VOD?

Description

Time

  • Played on: Nov. 9, 2017, 1:27 p.m.
  • Length: 9:41

All games in this series

Show
View Real Time Build Order
Export as new Build Order

Solar Zerg 

Build Orders: Hatch First 

Get SALT Encoding   

  12  0:01  Drone  
  13  0:12  Overlord  
  13  0:17  Drone  
  14  0:31  Drone x2  
  14  0:34  Drone  
  17  0:52  Hatchery  
  17  0:54  Drone  
  17  0:58  Drone  
  17  1:02  Extractor  
  17  1:13  Spawning Pool  
  17  1:16  Drone  
  17  1:19  Drone  
  18  1:27  Drone  
  19  1:38  Drone  
  20  1:48  Overlord  
  20  2:00  Queen  
  22  2:03  Queen  
  22  2:04  Zergling x4  
  22  2:07  Metabolic Boost  
  26  2:10  Drone  
  26  2:15  Drone  
  28  2:22  Drone  
  29  2:27  Baneling Nest, Drone  
  29  2:33  Drone  
  30  2:48  Hatchery  
  30  2:49  Drone  
  30  2:52  Zergling x2  
  30  2:56  Drone  
  32  2:59  Overlord  
  32  3:02  Drone  
  33  3:06  Drone  
  33  3:09  Drone  
  35  3:14  Baneling  
  35  3:15  Zergling x2  
  35  3:18  Zergling x2  
  35  3:19  Zergling x4  
  39  3:22  Drone  
  39  3:23  Drone  
  39  3:26  Baneling  
  41  3:29  Overlord  
  41  3:32  Drone  
  41  3:36  Drone  
  42  3:47  Queen, Overlord  
  42  3:48  Drone  
  45  3:49  Zergling x2  
  45  3:52  Drone  
  45  3:53  Drone x2  
  49  3:56  Baneling, Zergling x2  
  49  4:01  Baneling, Zergling x2  
  50  4:05  Drone  
  50  4:09  Zergling x6  
  52  4:15  Drone x2  
  52  4:17  Roach Warren, Drone  
  55  4:21  Overlord, Drone  
  56  4:24  Drone  
  56  4:28  Overlord  
  56  4:29  Extractor  
  56  4:31  Drone  
  56  4:32  Drone  
  56  4:34  Drone  
  56  4:46  Lair  
  56  4:48  Baneling x2  
  56  4:50  Drone x5  
  60  4:54  Drone x3  
  60  4:56  Evolution Chamber, Drone  
  60  4:58  Extractor, Drone  
  60  4:59  Drone  
  64  5:00  Drone  
  64  5:02  Drone  
  64  5:04  Drone x2  
  67  5:10  Overlord  
  67  5:14  Drone  
  67  5:18  Drone x2  
  67  5:20  Drone  
  65  5:23  Zerg Missile Weapons Level 1  
  65  5:25  Drone x3  
  65  5:27  Drone x4  
  72  5:29  Baneling  
  72  5:30  Zergling x2  
  72  5:33  Drone x2  
  72  5:34  Overlord, Drone  
  76  5:36  Overlord  
  76  5:37  Extractor  
  76  5:39  Drone  
  76  5:40  Extractor  
  76  5:42  Overlord  
  74  5:46  Roach x2  
  74  5:47  Glial Reconstitution  
  78  5:51  Overseer  
  78  5:53  Overlord  
  78  5:56  Roach x3  
  84  5:58  Overseer  
  84  6:00  Roach x2  
  84  6:02  Roach  
  84  6:03  Roach  
  92  6:04  Baneling x2  
  92  6:08  Roach  
  92  6:09  Roach  
  95  6:14  Roach x2  
  95  6:19  Roach x2  
  95  6:21  Roach  
  95  6:24  Drone  
  102  6:26  Drone  
  103  6:33  Overlord  
  103  6:35  Roach x2  
  103  6:36  Hatchery  
  103  6:38  Overlord  
  106  6:42  Roach x2  
  106  6:45  Overlord  
  106  6:46  Roach  
  112  6:49  Roach  
  114  6:56  Overlord  
  114  7:01  Burrow, Overlord  
  114  7:06  Roach x5, Tunneling Claws  
  114  7:07  Roach  
  126  7:12  Roach x2  
  126  7:13  Overlord  
  126  7:14  Overlord  
  130  7:16  Roach  
  130  7:21  Roach x2  
  135  7:23  Overlord  
  135  7:27  Roach  
  135  7:29  Roach  
  141  7:30  Roach  
  141  7:32  Roach  
  141  7:34  Roach  
  141  7:35  Ravager  
  146  7:39  Roach x3  
  146  7:43  Overlord  
  152  7:46  Roach x3  
  152  7:50  Roach x2  
  162  7:52  Roach  
  162  7:55  Roach x2  
  162  7:56  Overlord  
  166  7:59  Roach  
  166  8:02  Roach x2  
  166  8:04  Roach  
  172  8:08  Roach x3  
  176  8:15  Roach x3  
  176  8:17  Roach x2  
  186  8:20  Roach  
  186  8:21  Roach x3  
  186  8:22  Roach  
  186  8:23  Roach  
  186  8:25  Roach  
  186  8:26  Roach  
  186  8:27  Roach x4  
  184  8:28  Roach x2  
  184  8:29  Roach  
  184  8:33  Roach  
  192  8:34  Roach x3  
  192  8:37  Overlord  
  192  8:39  Overlord  
  192  8:42  Roach x2  
  192  8:45  Roach  
  192  8:47  Roach x2  
  170  8:49  Roach  
  170  8:53  Roach x2  
  144  8:56  Roach x2  
  144  8:59  Roach x4  
  131  9:07  Roach x5  
  128  9:10  Roach x2  
  128  9:14  Roach x2  
  128  9:16  Roach  
  127  9:22  Roach x2  
Show
View Real Time Build Order
Export as new Build Order

Lambo Zerg - Winner!

Build Orders: Hatch First 

Get SALT Encoding   

  12  0:00  Drone  
  13  0:13  Overlord  
  13  0:17  Drone  
  14  0:32  Drone x2  
  16  0:36  Drone  
  17  0:52  Hatchery  
  17  0:55  Drone  
  17  0:59  Drone  
  18  1:09  Extractor  
  17  1:14  Spawning Pool  
  17  1:16  Drone  
  17  1:20  Drone  
  18  1:29  Drone  
  19  1:40  Overlord  
  19  1:51  Drone  
  20  2:00  Queen  
  22  2:01  Zergling x2  
  22  2:03  Queen  
  22  2:04  Zergling x2  
  26  2:08  Metabolic Boost  
  26  2:13  Drone  
  27  2:15  Drone  
  29  2:22  Drone  
  30  2:30  Drone  
  30  2:38  Hatchery  
  29  2:45  Baneling Nest, Drone  
  29  2:50  Drone  
  30  2:51  Drone  
  30  2:54  Drone  
  32  3:01  Overlord  
  32  3:02  Zergling x2  
  33  3:09  Zergling x4  
  35  3:14  Zergling x2  
  35  3:19  Zergling x4  
  39  3:20  Zergling x4  
  40  3:32  Baneling x2  
  40  3:33  Zergling x2  
  40  3:34  Overlord, Zergling x2  
  42  3:38  Drone  
  42  3:39  Baneling  
  42  3:40  Baneling  
  42  3:41  Overlord, Zergling x2  
  43  3:57  Drone x2  
  43  4:01  Drone x3  
  43  4:02  Drone  
  47  4:04  Drone  
  47  4:07  Drone  
  49  4:11  Drone x2  
  49  4:15  Drone  
  49  4:16  Roach Warren  
  51  4:20  Evolution Chamber  
  51  4:21  Drone x4  
  54  4:27  Drone x2  
  54  4:30  Extractor  
  55  4:32  Drone  
  55  4:34  Zergling x2  
  55  4:35  Drone  
  55  4:36  Drone  
  58  4:42  Drone  
  58  4:48  Drone x3  
  58  4:51  Zerg Missile Weapons Level 1  
  60  4:53  Extractor, Queen  
  60  4:56  Drone  
  60  4:57  Lair  
  60  4:59  Drone x4  
  66  5:05  Overlord  
  66  5:09  Extractor, Overlord  
  66  5:13  Drone  
  66  5:14  Drone  
  66  5:19  Zergling x2  
  66  5:20  Zergling x6  
  65  5:27  Drone x6  
  71  5:34  Drone x3  
  74  5:39  Extractor  
  74  5:40  Baneling x2  
  74  5:42  Drone x3  
  76  5:46  Extractor  
  76  5:47  Drone  
  76  5:52  Drone x3  
  78  6:01  Drone x2  
  78  6:03  Roach  
  82  6:05  Hatchery  
  82  6:06  Overlord  
  82  6:09  Roach  
  81  6:13  Roach  
  81  6:15  Overlord x2  
  81  6:16  Glial Reconstitution  
  80  6:21  Overlord  
  80  6:24  Roach, Overlord  
  82  6:25  Overseer  
  82  6:31  Roach x4  
  90  6:34  Roach x3  
  90  6:38  Unknown  
  96  6:41  Roach x2, Unknown  
  96  6:46  Roach x4  
  108  6:50  Roach x4  
  108  6:51  Roach  
  108  6:52  Zerg Missile Weapons Level 2  
  118  6:54  Roach x2  
  118  7:01  Overlord  
  122  7:03  Overlord x2  
  122  7:07  Overseer  
  122  7:08  Overlord  
  122  7:13  Overlord x2  
  122  7:21  Roach x8  
  129  7:24  Ravager x4  
  129  7:26  Roach  
  129  7:28  Roach x3  
  129  7:29  Queen  
  143  7:30  Ravager x2  
  145  7:39  Roach x5  
  145  7:42  Overlord  
  152  7:44  Overlord  
  152  7:46  Roach  
  152  7:50  Roach x2  
  158  7:53  Roach x2  
  158  7:57  Roach x2  
  164  7:59  Roach  
  164  8:04  Roach  
  164  8:05  Roach x2  
  172  8:09  Roach x3  
  178  8:15  Roach x3  
  184  8:22  Roach x2  
  184  8:23  Roach x2  
  192  8:33  Spine Crawler x2  
  192  8:34  Overlord  
  190  8:35  Roach  
  189  8:44  Roach  
  189  8:45  Roach x5  
  182  8:49  Roach x2  
  182  8:51  Roach  
  155  8:56  Roach  
  155  8:57  Roach  
  155  9:01  Roach x2  
  147  9:07  Overseer  
  147  9:09  Roach x3  
  146  9:16  Roach x2  
Tags
 
Add a new tag
Caveats
  • Supply blocks, unpowered buildings, or Contaminate may cause inaccurate times.
  • Supply counts are checked every 10 seconds.